 Dungeon Crawl Stone Soup version 0.23-a0-619-g281719c6f9 (webtiles) character file.

8635 HereIgoKillingAgain the Transmogrifier (level 11, -8/91 HPs)
             Began as a Pale Draconian Transmuter on Dec 23, 2018.
             Was a High Priest of Qazlal.
             Mangled by a two-headed ogre
             ... wielding a +0 giant club
              (14 damage)
             ... on level 11 of the Dungeon.
             The game lasted 00:28:47 (13674 turns).

HereIgoKillingAgain the Transmogrifier (DrTm)      Turns: 13674, Time: 00:28:47

Health: -8/91      AC: 10    Str: 15    XL:     11   Next: 12%
Magic:  0/20       EV:  2    Int: 22    God:    Qazlal [*****.]
Gold:   516        SH:  0    Dex: 11    Spells: 14/22 levels left

rFire    . . .     SeeInvis +     - Unarmed
rCold    . . .     Gourm    .   (shield currently unavailable)
rNeg     + + +     Faith    .   (armour unavailable)
rPois    ∞         Spirit   +   (helmet restricted)
rElec    .         Reflect  .   (no cloak)
rCorr    .         Harm     .   (gloves currently unavailable)
MR       .....     Clarity  +   (no boots)
Stlth    +.........             o - amulet of guardian spirit
HPRegen  0.25/turn              e - ring of see invisible
MPRegen  0.17/turn              z - +4 ring of intelligence

@: mighty, blade hands, petrified, protected from physical damage, repel
missiles
A: breathe steam, unfitting armour, clarity, weak 1, cold-blooded, AC +7
a: Breathe Steam, End Transformation, Upheaval, Elemental Force, Disaster Area,
Renounce Religion


You were on level 11 of the Dungeon.
You worshipped Qazlal.
Qazlal was extremely pleased with you.
You were not hungry.
You had blades for hands.
You visited 2 branches of the dungeon, and saw 12 of its levels.
You also visited: Ossuary.

You collected 593 gold pieces.
You spent 77 gold pieces at shops.

Inventory:

Hand Weapons
 l - the +8 mace of Salt (melded) {speed, +Inv Str+4 SInv Stlth+}
   (You found it on level 5 of the Dungeon)

   Attacks with this weapon are significantly faster.
   It affects your strength (+4).
   It lets you see invisible.
   It lets you turn invisible.
   It makes you more stealthy.
 F - a +2 scimitar of flaming
Missiles
 a - 246 arrows
Jewellery
 e - a ring of see invisible (left scythe-like blade)
 j - an uncursed ring of ice
 o - an amulet of guardian spirit (around neck)
 z - a +4 ring of intelligence (right scythe-like blade)
Wands
 s - a wand of iceblast (17)
 v - a wand of disintegration (19)
Scrolls
 b - 2 scrolls of magic mapping
 d - 9 scrolls of remove curse
 f - 3 scrolls of noise
 i - 3 scrolls of teleportation
 m - 8 scrolls of immolation
 n - 5 scrolls of enchant armour
 p - a scroll of fog
 u - a scroll of amnesia
 w - 5 scrolls of fear
Potions
 g - a potion of invisibility
 h - 4 potions of flight
 k - 2 potions of brilliance
 q - 3 potions of curing
 r - a potion of cancellation
 t - 3 potions of resistance
 A - 3 potions of lignification {unknown}
 B - 2 potions of haste {unknown}
 D - a potion of magic {unknown}
 E - a potion of berserk rage {unknown}
 G - 2 potions of heal wounds
Comestibles
 c - 7 rations


   Skills:
 + Level 6.8 Fighting
 + Level 5.9 Dodging
 * Level 9.3 Unarmed Combat
 * Level 6.4 Spellcasting
 + Level 10.2 Transmutations


You had 14 spell levels left.
You knew the following spells:

 Your Spells              Type           Power        Failure   Level  Hunger
a - Beastly Appendage     Tmut           ######       8%          1    None
b - Sticks to Snakes      Tmut           ######..     9%          2    None
c - Blade Hands           Tmut           ######....   28%         5    #####..

Your spell library contained the following spells:

 Spells                   Type           Power        Failure   Level  Hunger
 Spider Form              Tmut/Pois      ####......   26%         3    #......
 Magic Dart               Conj           #...         43%         1    None
 Ice Form                 Ice/Tmut       ####....     47%         4    ###....
 Searing Ray              Conj           #.....       52%         2    None
 Dazzling Spray           Conj/Hex       #.....       69%         3    #......
 Force Lance              Conj/Tloc      #.......     94%         4    ###....
 Fulminant Prism          Conj/Hex       #.........   94%         4    ###....
 Iskenderun's Mystic Bla  Conj           #.......     94%         4    ###....


Dungeon Overview and Level Annotations

Branches:
Dungeon (11/15)            Temple (1/1) D:5             Orc (0/2) D:10
   Lair: D:8-11

Altars:
Ashenzari
Dithmenos
Elyvilon
Fedhas
Hepliaklqana
Kikubaaqudgha
Makhleb
Nemelex Xobeh
Okawaru
Qazlal
Ru
Sif Muna
Trog
Uskayaw
Vehumet
Wu Jian
Xom
Yredelemnul
Zin

Shops:
D:4 }   D:5 ?   D:7 ?   D:10 ?

Annotations:
D:3 1 runed door, temitten's ghost, amateur NaFi
D:10 1 runed door, NoiZ's ghost, novice MiFi


Innate Abilities, Weirdness & Mutations

You can breathe blasts of scalding, opaque steam.
Your pale cyan-grey scales are hard. (AC +7)
You cannot fit into any form of body armour.
You are cold-blooded and may be slowed by cold attacks.
You possess an exceptional clarity of mind.
You are weak. (Str -2)


Message History

The two-headed ogre hits you with a +0 giant club.
* * * LOW HITPOINT WARNING * * *
You feel more protected from physical attacks.
The two-headed ogre hits you with a +0 giant spiked club!
* * * LOW HITPOINT WARNING * * *
You feel more protected from physical attacks.
The basilisk bites you!
* * * LOW HITPOINT WARNING * * *
You feel more protected from physical attacks.
The crocodile bites you but does no damage.
You hear an angry buzzing noise.
You hear a bellow!
A killer bee comes into view.
The basilisk bites you.
You feel more protected from physical attacks.
The crocodile bites you!
* * * LOW HITPOINT WARNING * * *
The killer bee buzzes angrily.
A killer bee comes into view.
The two-headed ogre hits you with a +0 giant club!!
You die...

......##.
.........
#.....Y..
#...r....
#...t....
#.......#
#lY.....#
.y###+###l§5....#
...y...O@t§.....#
......§..#####..#
......§..# #
.........#
.........#
......#### ......
..####


You could see a two-headed ogre, 2 yaks, a basilisk, 2 crocodiles, an iguana, a
porcupine, 2 killer bees and a crimson imp.

Vanquished Creatures
  Pikel (D:6)
  A cyclops (D:11)
  A hippogriff (D:7)
  A wyvern (D:10)
  10 yaks
  A hungry ghost (D:10)
  A water moccasin (D:6)
  4 ice beasts
  A sky beast (D:9)
  A slave (D:5)
  4 orc warriors
  3 phantoms
  7 ogres
  3 centaurs
  A big kobold (D:8)
  A bullfrog (D:8)
  4 scorpions
  6 killer bees (D:10)
  10 wights (D:9)
  A howler monkey (D:6)
  3 crimson imps
  2 bullfrog zombies (D:6)
  A human zombie (Ossuary)
  5 hounds
  2 centaur skeletons
  A gnoll shaman (D:9)
  A jelly (D:9)
  5 orc priests
  A bullfrog skeleton (D:4)
  An iguana (D:5)
  10 orc wizards
  6 worker ants
  A big kobold zombie (Ossuary)
  A hound skeleton (D:10)
  5 mummies (Ossuary)
  2 worker ant zombies
  5 adders
  14 gnolls
  A howler monkey skeleton (D:6)
  3 shadow imps
  An ooze (D:3)
  An adder skeleton (D:8)
  2 adder zombies
  4 worms
  2 dart slugs
  13 leopard geckos
  37 orcs
  5 giant cockroaches
  13 goblins
  12 hobgoblins
  12 jackals
  29 kobolds
  7 quokkas
  8 bats
  6 frilled lizards
  2 goblin zombies
  3 hobgoblin zombies (Ossuary)
  A kobold zombie (Ossuary)
  A leopard gecko skeleton (D:8)
  An orc zombie (Ossuary)
  5 rats
  A rat zombie (D:8)
  A plant (D:8)
299 creatures vanquished.

Vanquished Creatures (collateral kills)
  Erica (D:9)
  A two-headed ogre (D:9)
  A black bear (D:7)
  An ogre (D:5)
  A jelly (D:5)
  An orc wizard (D:4)
  Natasha (D:4)
  A howler monkey skeleton (D:5)
  An adder (D:4)
  An adder skeleton (D:5)
  A leopard gecko (D:4)
  7 orcs
18 creatures vanquished.

Vanquished Creatures (others)
  3 plants (D:5)
  2 withered plants (D:10)
5 creatures vanquished.

Grand Total: 322 creatures vanquished

Notes
Turn   | Place    | Note
-------+----------+-------------------------------------------
     0 | D:1      | HereIgoKillingAgain the Draconian Transmuter began the
                  | quest for the Orb.
     0 | D:1      | Reached XP level 1. HP: 16/16 MP: 3/3
   213 | D:1      | Reached XP level 2. HP: 18/23 MP: 3/5
  1211 | D:2      | Reached XP level 3. HP: 21/28 MP: 4/6
  1321 | D:2      | Learned a level 2 spell: Sticks to Snakes
  2145 | D:2      | Found a white marble altar of Elyvilon.
  2641 | D:3      | Reached XP level 4. HP: 26/35 MP: 5/7
  2674 | D:3      | Reached skill level 3 in Transmutations
  3478 | D:3      | Found a runed door.
  3478 | D:3      | Noticed temitten's ghost (amateur NaFi)
  3862 | D:3      | Noticed an unseen horror
  3866 | D:3      | Gained mutation: You are occasionally teleported next to
                  | monsters. [potion of mutation]
  3866 | D:3      | Gained mutation: You expend magic power (3 MP) to
                  | strengthen your wands. [potion of mutation]
  3866 | D:3      | Gained mutation: You possess an exceptional clarity of
                  | mind. [potion of mutation]
  3959 | D:4      | Found a white marble altar of Elyvilon.
  4001 | D:4      | Found Raase's Gadget Shop.
  4067 | D:4      | Reached skill level 5 in Unarmed Combat
  4067 | D:4      | Reached XP level 5. HP: 27/40 MP: 2/8
  4891 | D:4      | Noticed Natasha
  4903 | D:4      | Killed Natasha
  4904 | D:4      | Reached skill level 4 in Transmutations
  5282 | D:5      | Entered Level 5 of the Dungeon
  5361 | D:5      | Reached XP level 6. HP: 41/47 MP: 7/9
  5801 | D:5      | Found a staircase to the Ecumenical Temple.
  5818 | D:5      | Reached skill level 5 in Transmutations
  5831 | D:5      | Lost mutation: You expend magic power (3 MP) to strengthen
                  | your wands. [potion of mutation]
  5831 | D:5      | Lost mutation: You possess an exceptional clarity of mind.
                  | [potion of mutation]
  5831 | D:5      | Lost mutation: You are occasionally teleported next to
                  | monsters. [potion of mutation]
  5831 | D:5      | Gained mutation: Scrolls take you a little longer to read.
                  | [potion of mutation]
  5831 | D:5      | Gained mutation: Your system is resistant to poisons.
                  | (rPois) [potion of mutation]
  5838 | Temple   | Entered the Ecumenical Temple
  5937 | Temple   | Became a worshipper of Qazlal Stormbringer
  6016 | D:5      | Found Jelyps's Magic Scroll Shop.
  6019 | D:5      | Bought a scroll of teleportation for 33 gold pieces
  6019 | D:5      | Bought a scroll of noise for 11 gold pieces
  6019 | D:5      | Bought a scroll of remove curse for 33 gold pieces
  6271 | D:5      | Your scales start taking on a pale cyan-grey colour.
  6271 | D:5      | Reached XP level 7. HP: 35/52 MP: 3/10
  6278 | D:5      | Reached * piety under Qazlal
  6690 | D:5      | Got a dazzling mace
  6691 | D:5      | Identified the +8 mace of Salt {speed, +Inv Str+4 SInv
                  | Stlth+} (You found it on level 5 of the Dungeon)
  6812 | D:5      | Learned a level 5 spell: Blade Hands
  7137 | D:6      | Reached skill level 6 in Transmutations
  7211 | D:6      | Noticed Pikel
  7480 | D:6      | Reached XP level 8. HP: 58/61 MP: 9/12
  7634 | D:6      | Killed Pikel
  7634 | D:6      | Reached skill level 7 in Transmutations
  7664 | D:6      | Reached ** piety under Qazlal
  8076 | D:7      | Noticed a hippogriff
  8086 | D:7      | Killed a hippogriff
  8086 | D:7      | Reached XP level 9. HP: 44/71 MP: 8/14
  8677 | D:7      | Reached skill level 8 in Transmutations
  8951 | D:7      | Found Gate's Magic Scroll Boutique.
  9432 | D:8      | Found a sand-covered staircase.
  9439 | Ossuary  | Entered an ossuary
  9654 | D:8      | Lost mutation: Your system is resistant to poisons. (rPois)
                  | [potion of mutation]
  9654 | D:8      | Lost mutation: Scrolls take you a little longer to read.
                  | [potion of mutation]
  9654 | D:8      | Gained mutation: You are weak. (Str -2) [potion of
                  | mutation]
  9654 | D:8      | Gained mutation: You possess an exceptional clarity of
                  | mind. [potion of mutation]
  9778 | D:8      | Reached *** piety under Qazlal
 10226 | D:8      | Reached skill level 5 in Fighting
 10885 | D:9      | Noticed a two-headed ogre
 10912 | D:9      | Killed a two-headed ogre
 10912 | D:9      | Reached skill level 9 in Transmutations
 10916 | D:9      | Noticed Erica
 10931 | D:10     | Entered Level 10 of the Dungeon
 11034 | D:9      | Killed Erica
 11034 | D:9      | Reached skill level 5 in Spellcasting
 11034 | D:9      | Reached XP level 10. HP: 27/81 MP: 6/17
 11643 | D:9      | Reached **** piety under Qazlal
 11643 | D:9      | Reached skill level 5 in Dodging
 11811 | D:9      | Reached skill level 10 in Transmutations
 12712 | D:10     | Identified the +6 spear "Mimukk" {venom, +Blink}
 12874 | D:10     | Found a staircase to the Orcish Mines.
 13008 | D:10     | Reached XP level 11. HP: 21/91 MP: 4/20
 13371 | D:10     | Reached ***** piety under Qazlal
 13395 | D:10     | Found a runed door.
 13396 | D:10     | Noticed NoiZ's ghost (novice MiFi)
 13449 | D:10     | Found Ceasix's Magic Scroll Emporium.
 13658 | D:11     | Noticed a two-headed ogre
 13674 | D:11     | Mangled by a two-headed ogre

Vault maps used:
D:1:      minmay_arrival_up_and_down, st_stairs_7
D:2:      minmay_misc_feat_enclosed, minmay_misc_feat_alley, serial_park_tiny_1,
          elyvilon_altar_4
D:3:      ebering_ghost_inner_flame
D:4:      nicolae_overflow_crystal_walls, kennysheep_small_square, uniq_natasha
D:5:      corexii_shantytown, minmay_temple_entry_sparse_star, serial_shops,
          nicolae_shop_behind_doors, first_ration, minmay_lizard_king
D:6:      uniq_pikel
D:7:      serial_shops, shop, bh_walls_and_bars
D:8:      kennysheep_kobold_camp, enter_ossuary_4
D:9:      uniq_erica
D:10:     hiddenorc1_lemuel, gammafunk_ghost_grave, serial_shops, shop
D:11:     minmay_lair_entry_grove, david_nohive_1, nrook_uturn,
          kb_lookout_dungeons_type, corner_web_ring
Temple:   kilobyte_greek_temple
Ossuary:  ossuary_crypta

Skill      XL: |  1  2  3  4  5  6  7  8  9 10 |
---------------+-------------------------------+-----
Unarmed Combat | 4 5 6 7 8 9 |  9.3
Transmutations | 3 4 5 6 7 9 10 | 10.2
Dodging        | 2 3 4 5 |  5.9
Fighting       | 2 3 5 6 |  6.8
Spellcasting   | 3 5 6 |  6.4

Action                   |  1- 3 |  4- 6 |  7- 9 | 10-12 || total
-------------------------+-------+-------+-------+-------++-------
Melee: Unarmed           |   188 |   239 |    44 |   151 ||   622
       Kick              |     8 |     3 |       |       ||    11
       Tailslap          |    15 |    19 |    39 |    13 ||    86
       Punch             |     3 |       |    11 |     6 ||    20
       Headbutt          |     3 |     1 |       |       ||     4
       Mace              |       |       |   364 |    46 ||   410
 Cast: Beastly Appendage |    14 |     9 |     2 |     1 ||    26
       Sticks to Snakes  |     1 |    28 |    16 |       ||    45
       Blade Hands       |       |       |     1 |    17 ||    18
 Abil: Breathe Steam     |       |       |     9 |     2 ||    11
Evoke: Wand              |       |       |     3 |       ||     3
  Use: Scroll            |       |     7 |     3 |     6 ||    16
       Potion            |       |     7 |     5 |     1 ||    13
 Stab: Distracted        |       |     1 |     1 |       ||     2
  Eat: Chunk             |     6 |     3 |     5 |     8 ||    22
       Ration            |       |     3 |     3 |     3 ||     9
Armor: Skin              |    48 |    87 |    77 |    31 ||   243
Dodge: Dodged            |   132 |   150 |   211 |   103 ||   596
       Deflected         |       |       |       |     2 ||     2
Block: Other             |       |       |    26 |    47 ||    73

Table legend:
 A = Non-vault XP
 B = Vault XP
 C = Vault XP percentage of total XP
 D = Non-vault monster count
 E = Vault monster count
 F = Vault count percentage of total count
                 A         B        C        D         E       F
            +---------+---------+-------+---------+---------+-------
      Total |   10232 |    2105 |  17.1 |     217 |      98 |  31.1
            +---------+---------+-------+---------+---------+-------
        D:1 |      34 |       2 |   5.6 |      19 |       1 |   5.0
        D:2 |      32 |       0 |   0.0 |      17 |       0 |   0.0
        D:3 |      63 |       0 |   0.0 |      16 |       0 |   0.0
        D:4 |     216 |      29 |  11.8 |      18 |       2 |  10.0
        D:5 |     425 |     177 |  29.4 |      16 |      40 |  71.4
        D:6 |     980 |     617 |  38.6 |      24 |       1 |   4.0
        D:7 |    1151 |       0 |   0.0 |      27 |       0 |   0.0
        D:8 |     733 |     126 |  14.7 |      13 |      23 |  63.9
        D:9 |    3527 |     734 |  17.2 |      43 |       1 |   2.3
       D:10 |    2560 |     253 |   9.0 |      23 |      17 |  42.5
       D:11 |     511 |       0 |   0.0 |       1 |       0 |   0.0
    Ossuary |       0 |     167 | 100.0 |       0 |      13 | 100.0
            +---------+---------+-------+---------+---------+-------
